AoeStats
← Ken

Black Forest

509631074Analyzed
4v4 RM · 4d ago on Sep 27, 2026· 46m 7s· 8 players
Game mode
Random Map
Map size
Large (8 player)
Population
200
Speed
Normal
Resources
Standard
Victory
Conquest
Starting age
Dark Age
Ending age
Imperial Age
RankedLock teamsTeams togetherTeam positionsShared explorationLock speedFull tech treeHidden civsTurbo modeCheats
Victory
Defeat
🇨🇳 Turks · China
1316
+4
🇨🇳 Lithuanians · China
1011
+14
892
+18
🇨🇳 Teutons · China
720
+24
🇨🇳 Franks · China
1008
-17
🇨🇳 Lithuanians · China
955
-15
🇿🇦 Tupi · South Africa
946
-14
🇨🇳 Chinese · China
942
-14
haulway
4:06 Loom
7:57 Loom
11:04 Feudal Age
11:30 Fishing Lines
11:37 Double-Bit Axe
15:02 Gold Mining
17:40 Castle Age
16:25 Stone Mining
18:50 Bow Saw
20:13 Stone Shaft Mining
19:51 Gillnets
22:30 Horse Collar
23:56 Heavy Plow
30:38 Imperial Age
28:24 Light Cavalry
29:29 Bloodlines
29:25 Husbandry
30:08 Forging
30:05 Scale Barding Armor
31:58 Iron Casting
32:11 Conscription
32:35 Chain Barding Armor
31:37 Winged Hussar
33:24 Wheelbarrow
33:55 Two-Man Saw
33:53 Elite Leitis
35:12 Caravan
37:28 Chemistry
36:59 Hand Cart
40:31 Ballistics
42:50 Plate Barding Armor
42:16 Padded Archer Armor
42:08 Fletching
44:32 Thumb Ring
43:50 Elite Skirmisher
44:50 Bodkin Arrow
45:10 Leather Archer Armor
45:59 Tower Shields
46:20 Bracer
Ken
11:10 Feudal Age
12:35 Double-Bit Axe
15:12 Castle Age
16:59 Loom
23:43 Gold Mining
24:48 Wheelbarrow
26:00 Bow Saw
30:49 Imperial Age
30:00 Gold Shaft Mining
29:32 Scale Barding Armor
29:38 Forging
30:43 Husbandry
31:05 Chain Barding Armor
31:28 Cavalier
33:40 Fletching
33:50 Padded Archer Armor
33:51 Scale Mail Armor
34:30 Iron Casting
35:28 Chemistry
34:09 Treadmill Crane
35:54 Plate Barding Armor
36:34 Ballistics
36:10 Murder Holes
37:06 Paladin
39:15 Blast Furnace
41:15 Conscription
40:55 Chivalry
40:17 Ordonnance Companies
41:00 Padded Archer Armor
40:51 Fletching
41:01 Scale Mail Armor
43:30 Elite Throwing Axeman
45:37 Hand Cart
Zafar
0:38 Loom
11:07 Feudal Age
12:09 Double-Bit Axe
12:41 Horse Collar
19:15 Arson
23:26 Castle Age
21:53 Stone Mining
21:57 Gold Mining
23:23 Fletching
23:34 Padded Archer Armor
24:32 Bow Saw
24:24 Heavy Plow
25:33 Bodkin Arrow
26:28 Gold Shaft Mining
27:11 Wheelbarrow
27:42 Fishing Lines
29:14 Elite Skirmisher
31:11 Hand Cart
32:22 Ballistics
31:59 Murder Holes
36:51 Imperial Age
34:11 Town Watch
34:31 Treadmill Crane
37:05 Leather Archer Armor
38:59 Chemistry
37:22 Capped Ram
38:27 Conscription
39:11 Town Patrol
39:24 Squires
38:44 Pikeman
38:59 Elite Blackwood Archer
40:17 Bracer
40:33 Leather Archer Armor
41:50 Heavy Scorpion
43:51 Curare
44:31 Scale Mail Armor
863111034
12:05 Feudal Age
12:45 Double-Bit Axe
17:02 Stone Mining
20:55 Horse Collar
23:53 Castle Age
22:35 Gold Mining
25:23 Bow Saw
31:12 Padded Archer Armor
31:03 Fletching
31:17 Heavy Plow
31:55 Stone Shaft Mining
31:55 Gold Shaft Mining
32:26 Ballistics
37:27 Imperial Age
38:08 Squires
37:30 Pikeman
38:30 Leather Archer Armor
38:10 Bodkin Arrow
38:29 Arson
40:28 Elite Chu Ko Nu
CNZS_溪超
0:58 Loom
12:21 Feudal Age
17:16 Castle Age
15:24 Double-Bit Axe
20:24 Bow Saw
24:13 Horse Collar
25:13 Fishing Lines
26:14 Gillnets
28:46 Gold Mining
29:53 Wheelbarrow
32:45 Imperial Age
30:27 Padded Archer Armor
30:17 Fletching
31:22 Gold Shaft Mining
31:31 Sipahi
31:26 Treadmill Crane
32:08 Ballistics
32:34 Leather Archer Armor
32:15 Bodkin Arrow
33:41 Bloodlines
33:32 Husbandry
34:59 Two-Man Saw
33:29 Heavy Cavalry Archer
35:15 Thumb Ring
35:40 Stone Mining
36:08 Hand Cart
36:31 Bracer
37:10 Ring Archer Armor
38:10 Parthian Tactics
39:12 Guilds
40:25 Scale Barding Armor
41:42 Town Watch
43:10 Caravan
43:42 Coinage
43:33 Forging
45:05 Conscription
46:32 Chain Barding Armor
46:48 Iron Casting
46:16 Scale Mail Armor
46:40 Bombard Tower
46:31 Masonry
46:17 Murder Holes
46:32 Fortified Wall
伐伐伐伐伐伐 伐木工
14:08 Feudal Age
15:40 Horse Collar
16:43 Loom
16:50 Double-Bit Axe
17:53 Gold Mining
17:57 Stone Mining
21:42 Castle Age
24:10 Bow Saw
35:33 Imperial Age
33:40 Wheelbarrow
33:33 Heavy Plow
34:36 Husbandry
34:46 Bloodlines
34:48 Scale Barding Armor
34:53 Forging
34:45 Scale Mail Armor
35:52 Hand Cart
36:23 Chain Barding Armor
36:47 Chain Mail Armor
37:14 Crop Rotation
38:03 Plate Barding Armor
36:51 Vendel Legacy
38:21 Gambesons
37:56 Pikeman
39:55 Conscription
40:10 Elite Varangian Guard
40:35 Arson
40:50 Squires
42:32 Light Cavalry
42:35 Capped Ram
47:11 Plate Mail Armor
46:51 Forging
等我上帝王
10:40 Feudal Age
13:43 Double-Bit Axe
17:11 Castle Age
17:15 Horse Collar
18:35 Bow Saw
18:51 Fervor
19:31 Wheelbarrow
18:43 Loom
21:28 Stone Mining
25:47 Gold Mining
27:48 Town Watch
28:37 Forging
28:32 Scale Barding Armor
28:59 Heavy Plow
31:33 Imperial Age
29:19 Hand Cart
30:21 Stone Shaft Mining
31:00 Iron Casting
30:45 Chain Barding Armor
31:02 Fletching
30:55 Treadmill Crane
31:13 Murder Holes
32:42 Conscription
33:24 Plate Barding Armor
33:57 Two-Man Saw
32:41 Elite Leitis
33:50 Masonry
34:31 Bloodlines
34:22 Husbandry
35:20 Ballistics
36:01 Chemistry
36:13 Architecture
35:49 Caravan
36:20 Coinage
37:11 Hoardings
37:33 Bodkin Arrow
38:38 Bracer
39:13 Bombard Tower
42:29 Banking
Daemon Targaryen
0:53 Loom
10:58 Feudal Age
11:39 Horse Collar
11:50 Double-Bit Axe
13:05 Stone Mining
16:03 Wheelbarrow
21:34 Castle Age
23:30 Bow Saw
23:59 Gold Mining
25:05 Heavy Plow
26:47 Stone Shaft Mining
26:39 Hand Cart
29:56 Pikeman
33:10 Imperial Age
31:53 Scale Barding Armor
32:01 Forging
32:15 Fortified Wall
32:15 Masonry
32:26 Ballistics
33:37 Cavalier
34:27 Bloodlines
36:26 Chemistry
42:19 Halberdier
Connection lost

Rejoining the realm…

Still unreachable

The connection could not be restored.

Session expired

The server has moved on; the page needs a fresh start.